 Dungeon Sprint DCSS version 0.29-a0-330-g52719c12eb (webtiles) character file.

Game seed: 4694650220836778112

20371 jt the Fetichist (level 12, -7/111 HPs)
             Began as a Vine Stalker Berserker on Apr 27, 2022.
             Was a High Priest of Trog.
             Killed from afar by a fire giant (13 damage)
             ... with a fireball
             ... in the Dungeon (Sprint I: "Red Sonja").
             The game lasted 00:25:06 (2450 turns).

jt the Fetichist (Vine Stalker Berserker)           Turns: 2450, Time: 00:25:09

Health: -7/111     AC: 26    Str: 19    XL:     12   Next: 78%
Magic:  0/18       EV:  2    Int: 11    God:    Trog [*****.]
Gold:   874        SH: 13    Dex: 16    Spells: 11/11 levels left

rFire   + + .      SeeInvis +   a - +6 quick blade
rCold   + . .      Faith    .   n - +2 kite shield {rC+}
rNeg    + . .      Spirit   +   (body armour currently unavailable)
rPois   +          Reflect  .   (helmet currently unavailable)
rElec   .          Harm     .   (cloak currently unavailable)
rCorr   .          Rampage  .   (gloves currently unavailable)
Will    +....      NoTele   +   (boots currently unavailable)
Stlth   +++.......              (no amulet)
HPRegen 1.08/turn               w - ring of Anyfatam {rPois rF+ SInv}
MPRegen 0.16/turn               b - ring "Tiah" {+Blink rF+ rN+ Str-2 Int+4}

@: tree-form, hasted, very quick
A: stationary, stasis, torment immunity, boosted hp, (fangs 3), regeneration 1,
magic shield, (antimagic bite), no potion heal 2, clumsy 1, low MP 1
a: Renounce Religion, Evoke Blink, Berserk, Trog's Hand, Brothers in Arms


You were in the Dungeon.
You worshipped Trog.
Trog was extremely pleased with you.
You were a tree.
You visited 1 branch You collected 4075 gold pieces.
You spent 3201 gold pieces at shops.

Inventory:

Hand Weapons
 a - a +6 quick blade (weapon)
 j - a +0 dagger of venom
 r - a +2 bardiche of flaming
 A - the +6 short sword of Trog's Righteous Anger {antimagic, rC+ Str+5}
   (Trog gifted it to you in the Dungeon)

   It reduces the magical energy of the wielder, and disrupts the spells and
   magical abilities of those it strikes.
   Natural abilities and divine invocations are not affected.
   Str:       It affects your strength (+5).
   rC:        It protects you from cold.
 D - a +3 antimagic trident
 J - the +7 trident of Noannig {venom, *Corrode rPois rN+ SInv}
   (You found it in the Dungeon)

   It poisons the flesh of those it strikes.
   rPois:     It protects you from poison.
   rN:        It protects you from negative energy.
   SInv:      It lets you see invisible.
   *Corrode:  It may corrode you when you take damage.
 K - the +11 hand axe of Cuilorgh {flame, Str+3}
   (You found it in the Dungeon)

   It burns those it strikes, dealing additional fire damage.
   Big, fiery blades are also staple armaments of hydra-hunters.
   Str:       It affects your strength (+3).
 L - the +7 spear "Undertaker" {vorpal, rF+ rN+ Will+}
   (You found it in the Dungeon)

   It inflicts extra damage upon your enemies.
   rF:        It protects you from fire.
   rN:        It protects you from negative energy.
   Will:      It increases your willpower.
Missiles
 C - 38 stones (quivered)
Armour
 i - a +2 chain mail of cold resistance (melded)
 k - +0 shadow dragon scales
 n - a +2 kite shield of cold resistance (worn)
 q - a +0 pair of boots (melded)
 y - a +0 ring mail
 G - the +0 plate armour of the Barnacle {rC- rN+ Int+4 Stlth+}
   (You found it in the Dungeon)

   Int:       It affects your intelligence (+4).
   rC:        It makes you vulnerable to cold.
   rN:        It protects you from negative energy.
   Stlth:     It makes you more stealthy.
Jewellery
 b - the ring "Tiah" (right branch) {+Blink rF+ rN+ Str-2 Int+4}
   (You acquired it in the Dungeon)

   [ring of protection from fire]

   Str:       It affects your strength (-2).
   Int:       It affects your intelligence (+4).
   rF:        It protects you from fire.
   rN:        It protects you from negative energy.
   +Blink:    It lets you blink.
 w - the ring of Anyfatam (left branch) {rPois rF+ SInv}
   (You found it in the Dungeon)

   [ring of see invisible]

   rF:        It protects you from fire.
   rPois:     It protects you from poison.
   SInv:      It lets you see invisible.
 F - a ring of resist corrosion
Wands
 h - a wand of paralysis (10)
 M - a wand of iceblast (8)
Scrolls
 g - a scroll of blinking
 l - 2 scrolls of vulnerability
 m - a scroll of holy word
 o - a scroll of fog
 p - a scroll of fear
 v - a scroll of enchant armour
 B - a scroll of silence
 N - a scroll of identify
Potions
 c - 6 potions of curing
 d - a potion of haste
 e - a potion of magic
 f - a potion of berserk rage
 u - 2 potions of invisibility
 x - 2 potions of might
 z - a potion of flight
 H - a potion of attraction
 P - a potion of mutation
Miscellaneous
 E - a tin of tremorstones (1/2)
 I - a phantom mirror
 O - a condenser vane (inert)


   Skills:
 + Level 14.2 Fighting
 - Level 11.7 Short Blades
 + Level 8.3 Polearms
 - Level 6.0 Throwing
 - Level 5.7 Armour
 - Level 5.7 Dodging
 - Level 6.0 Stealth
 + Level 7.8 Shields
 - Level 10.0 Invocations
 + Level 16.4 Evocations


You had 11 spell levels left.
You didn't know any spells.
Your spell library was empty.

Dungeon Overview and Level Annotations

Branches:
Dungeon (1/1)

Altars:
Cheibriados
Dithmenos
Elyvilon
Fedhas
Gozag
Hepliaklqana
Kikubaaqudgha
Makhleb
Nemelex Xobeh
Okawaru
Qazlal
Ru
Sif Muna
Trog
Uskayaw
Vehumet
Wu Jian
Xom
Yredelemnul
Zin
The Shining One
Jiyva
Lugonu

Shops:
D !*:*(:*(*((*(!:*?*![*!


Innate Abilities, Weirdness & Mutations

You are a tree.
Your roots penetrate the ground, keeping you stationary.
You cannot be teleported.
You are immune to unholy pain and torment.
Your maximum health is greatly increased.
Your equipment is partially melded.
((You have razor-sharp teeth.))
Your natural rate of healing is unusually fast.
When hurt, damage is shared between your health and your magic reserves.
((Your bite disrupts and absorbs the magic of your enemies.))
Potions cannot restore your health.
You are clumsy. (Dex -2)
Your magical capacity is low. (-10% MP)


Message History

The fire giant burns you.
Unknown command.
Press: ? - help, v - describe, . - travel
Here: a fire giant, wielding a +2 great sword of flaming (flame, moderately wounded)
The floor.
The fire giant attacks as you move away!
The fire giant hits you with a +2 great sword of flaming!!
* * * LOW HITPOINT WARNING * * *
The fire giant burns you.
The fire giant is engulfed in blazing flames.
Okay, then.
Blink to where?
Press: ? - help, Dir - move target, p - fire giant
As you read the scroll of blinking, it crumbles to dust.
You feel yourself speed up.
Okay, then.
Okay, then.
Okay, then.
Okay, then.
Your deep troll goes berserk!
Magic courses through your body.
Okay, then.
Okay, then.
Really quaff the potion of lignification?
Okay, then.
Really quaff the potion of lignification?
You turn into a tree.
Your +0 pair of boots melds into your body.
Your +2 chain mail of cold resistance melds into your body.
You feel less resistant to cold.
Your roots penetrate the ground.
Your deep troll bites the fire giant!!
Your deep troll claws the fire giant! x2
The fire giant points at your deep troll and mumbles some strange words.
The fireball explodes!
The fireball engulfs your deep troll!! The fireball engulfs you! You resist.
* * * LOW HITPOINT WARNING * * *
The fireball engulfs the fire giant.
The fire giant resists.
The fire giant dies!
The fire giant casts a spell at you.
The fireball explodes!
The fireball engulfs you!! You resist.
You die...

...§§.#§#.###.§§#######)#.§.§§###
####§.'§#'#.###§#}$!##.)#.§.§.#..
.§##'####...#y#.##$$$#..##.§..#[∩
§.#....°#...###..###$#..≈###§##..
§.#..○.°'°....##.#A#$#..≈) #.####
#§###○°°#.....#..###$#..≈.##†#§§§
#.'.#°°○###++##.##..$#..≈##.†.§.§
###.#..###..###.T#+###..≈#.§...§§
∩##.#.○####..###♣).# ≈..##.§...§§
###§##'#..#..#.###C# #......§.
.##§##.#....°....#.# #...§§:..
..§.####.........#C# ##...§§§.
###§#.)'..○°..####C# #....§..
.§#.#####.○.###C...# ##......
§#'§# #####...#### ##....: ≈####
.(..# ###### ≈# ###


You could see a fire giant and a friendly deep troll (summoned, berserk).

Vanquished Creatures
  A shadow dragon (D)
  A deep elf annihilator (D)
  A lorocyproca (D)
  A hydra (D)
  2 centaur warriors (D)
  Sonja (D)
  A deep troll (D)
  A lindwurm (D)
  An oklob plant (D)
  2 merfolk sirens (D)
  A gargoyle (D)
  4 demonic crawlers (D)
  2 kobold demonologists (D)
  7 unseen horrors (D)
  A hellwing (D)
  5 hornets (D)
  A slime creature (D)
  Sigmund (D)
  A yak (D)
  13 hogs (D)
  2 redbacks (D)
  3 floating eyes (D)
  An ogre (D)
  7 necrophages (D)
  8 jellies (D)
  Ijyb (D)
  A ballistomycete spore (D)
71 creatures vanquished.

Vanquished Creatures (collateral kills)
  A golden dragon (D)
  8 shining eyes (D)
  4 floating eyes (D)
13 creatures vanquished.

Vanquished Creatures (others)
  A fire giant (D)
  A ballistomycete spore (D)
2 creatures vanquished.

Grand Total: 86 creatures vanquished

Notes
Turn   | Place    | Note
-------+----------+-------------------------------------------
     0 | D        | jt the Vine Stalker Berserker began the quest for the Orb.
     0 | D        | Reached XP level 1. HP: 11/11 MP: 2/2
     2 | D        | Noticed Ijyb
    10 | D        | Killed Ijyb
    11 | D        | Reached skill level 3 in Evocations
    11 | D        | Reached XP level 2. HP: 16/16 MP: 3/3
    11 | D        | Reached XP level 3. HP: 19/19 MP: 4/4
    54 | D        | Noticed an ogre
    60 | D        | Killed an ogre
    61 | D        | Reached skill level 5 in Short Blades
    61 | D        | Reached skill level 5 in Stealth
    61 | D        | Reached skill level 5 in Evocations
    61 | D        | Gained mutation: Your natural rate of healing is unusually
                  | fast. [Vine Stalker growth]
    61 | D        | Reached XP level 4. HP: 23/23 MP: 5/5
    69 | D        | Noticed Sigmund
    82 | D        | Killed Sigmund
    82 | D        | Reached ** piety under Trog
    83 | D        | Reached skill level 7 in Evocations
    83 | D        | Reached XP level 5. HP: 21/27 MP: 3/6
    83 | D        | Reached XP level 6. HP: 25/32 MP: 3/7
   124 | D        | Found a shimmering blue altar of Sif Muna.
   125 | D        | Found an ornate altar of the Wu Jian Council.
   126 | D        | Found a radiant altar of Vehumet.
   162 | D        | Found Kenadao's General Store.
   162 | D        | Found an ancient bone altar of Kikubaaqudgha.
   162 | D        | Found a hazy altar of Hepliaklqana.
   162 | D        | Found a hide-covered altar of Uskayaw.
   162 | D        | Found a basalt altar of Yredelemnul.
   162 | D        | Found an opulent altar of Gozag.
   162 | D        | Found a snail-covered altar of Cheibriados.
   162 | D        | Found a sacrificial altar of Ru.
   162 | D        | Found a shadowy altar of Dithmenos.
   162 | D        | Noticed a yak
   170 | D        | Killed a yak
   171 | D        | Reached skill level 9 in Evocations
   171 | D        | Found a stormy altar of Qazlal.
   171 | D        | Found a blossoming altar of Fedhas.
   171 | D        | Found a bloodstained altar of Trog.
   171 | D        | Found an iron altar of Okawaru.
   171 | D        | Found a glowing golden altar of the Shining One.
   171 | D        | Found a glowing silver altar of Zin.
   171 | D        | Found a white marble altar of Elyvilon.
   172 | D        | Found a sparkling altar of Nemelex Xobeh.
   197 | D        | Bought a potion of curing for 36 gold pieces
   197 | D        | Bought a scroll of fog for 24 gold pieces
   197 | D        | Bought a scroll of fear for 42 gold pieces
   203 | D        | Bought a +0 pair of boots for 54 gold pieces
   213 | D        | Noticed Sonja
   217 | D        | Killed Sonja
   217 | D        | Reached *** piety under Trog
   218 | D        | Reached XP level 7. HP: 38/38 MP: 8/8
   218 | D        | Gained mutation: You have razor-sharp teeth. [Vine Stalker
                  | growth]
   218 | D        | Reached XP level 8. HP: 42/42 MP: 9/9
   233 | D        | Found Jemoar's Distillery.
   241 | D        | Bought a potion of lignification for 33 gold pieces
   243 | D        | Bought a potion of invisibility for 88 gold pieces
   302 | D        | Found a viscous altar of Jiyva.
   302 | D        | Found a corrupted altar of Lugonu.
   302 | D        | Noticed a slime creature
   303 | D        | Found a burning altar of Makhleb.
   303 | D        | Found a shimmering altar of Xom.
   311 | D        | Killed a slime creature
   312 | D        | Reached skill level 5 in Fighting
   312 | D        | Reached skill level 10 in Short Blades
   312 | D        | Reached skill level 1 in Throwing
   312 | D        | Reached skill level 10 in Evocations
   373 | D        | Noticed a kobold demonologist
   374 | D        | Noticed a kobold demonologist
   378 | D        | Noticed a smoke demon
   394 | D        | Killed a kobold demonologist
   395 | D        | Killed a kobold demonologist
   395 | D        | Reached **** piety under Trog
   396 | D        | Reached skill level 5 in Armour
   396 | D        | Reached skill level 5 in Dodging
   396 | D        | Reached XP level 9. HP: 23/48 MP: 6/10
   422 | D        | Noticed a deep troll
   449 | D        | Killed a deep troll
   469 | D        | Found Noxt's Armour Emporium.
   509 | D        | Bought a +0 buckler for 63 gold pieces
   533 | D        | Noticed a centaur warrior
   560 | D        | Killed a centaur warrior
   561 | D        | Reached skill level 5 in Throwing
   561 | D        | Reached skill level 11 in Evocations
   561 | D        | Noticed a centaur warrior
   577 | D        | Killed a centaur warrior
   578 | D        | Reached XP level 10. HP: 32/55 MP: 8/12
   616 | D        | Noticed an oklob plant
   618 | D        | Killed an oklob plant
   625 | D        | Reached ***** piety under Trog
   697 | D        | Received a gift from Trog
   701 | D        | Bought a tin of tremorstones (2/2) for 480 gold pieces
   701 | D        | Bought a ring of see invisible for 180 gold pieces
   746 | D        | Noticed an unseen horror
   747 | D        | Noticed an unseen horror
   759 | D        | Killed an unseen horror
   759 | D        | Killed an unseen horror
   760 | D        | Reached skill level 5 in Shields
   760 | D        | Reached skill level 5 in Invocations
   760 | D        | Reached skill level 12 in Evocations
   796 | D        | Found Akostr Zewu's Antique Weapon Shoppe.
   797 | D        | Found Saolidos's Assorted Antiques.
   797 | D        | Found Oplequrauf's General Store.
   797 | D        | Found Uhasorch's Distillery.
   798 | D        | Received a gift from Trog
   802 | D        | Found Fuhi's Assorted Antiques.
   804 | D        | Reached ****** piety under Trog
   829 | D        | Found Hutaam's General Store.
   830 | D        | Identified the +7 spear "Undertaker" {vorpal, rF+ rN+
                  | Will+}
   831 | D        | Identified the +0 plate armour of the Barnacle {rC- rN+
                  | Int+4 Stlth+}
   837 | D        | Identified the +7 trident of Noannig {venom, *Corrode rPois
                  | rN+ SInv}
   841 | D        | Identified the +11 hand axe of Cuilorgh {flame, Str+3}
   855 | D        | Found Lestrih's Weapon Emporium.
   855 | D        | Found Gikay's Antique Weapon Shop.
   855 | D        | Found Dowiets's General Store.
   855 | D        | Found Wyror's Weapon Boutique.
   855 | D        | Found Paufraah's Distillery.
   855 | D        | Found Jimikeej's Book Shop.
   855 | D        | Found Qeshaheck's General Store.
   858 | D        | Found Ucett's Magic Scroll Boutique.
   870 | D        | Bought an emerald potion for 18 gold pieces
   870 | D        | Bought an emerald potion for 18 gold pieces
   870 | D        | Bought a scroll labelled ETZIKK GILOICU for 20 gold pieces
   870 | D        | Bought a scroll labelled YFUIQA VOSOZULUNOU for 20 gold
                  | pieces
   879 | D        | Bought a scroll labelled KATWUE GYACH for 18 gold pieces
   879 | D        | Bought a scroll labelled KATWUE GYACH for 18 gold pieces
   879 | D        | Bought 2 fizzy inky potions for 32 gold pieces
   882 | D        | Bought a scroll of identify for 20 gold pieces
   882 | D        | Bought a scroll of identify for 20 gold pieces
   944 | D        | Noticed a shining eye
   944 | D        | Noticed a shining eye
   944 | D        | Noticed a shining eye
   945 | D        | Paralysed by a floating eye for 3 turns
   946 | D        | Noticed a shining eye
   948 | D        | Killed a shining eye
   948 | D        | Received a gift from Trog
   948 | D        | Noticed a shining eye
   949 | D        | Killed a shining eye
   950 | D        | Paralysed by a floating eye for 3 turns
   952 | D        | Killed a shining eye
   953 | D        | Reached XP level 11. HP: 63/63 MP: 15/17
   953 | D        | Killed a shining eye
   954 | D        | Reached skill level 10 in Fighting
   954 | D        | Reached skill level 13 in Evocations
   956 | D        | Killed a shining eye
   960 | D        | Noticed a shining eye
   962 | D        | Killed a shining eye
   966 | D        | Noticed a shining eye
   966 | D        | Noticed a shining eye
   966 | D        | Gained mutation: You are clumsy. (Dex -2) [a shining eye]
   966 | D        | Gained mutation: Your magical capacity is low. (-10% MP) [a
                  | shining eye]
   972 | D        | Killed a shining eye
   976 | D        | Killed a shining eye
   986 | D        | Found Ehycrian's Weapon Shop.
   986 | D        | Found Otiext's General Store.
   986 | D        | Found Cycraet's Book Boutique.
   986 | D        | Found Duil Saam's Book Emporium.
  1082 | D        | Bought a scroll of enchant weapon for 75 gold pieces
  1136 | D        | Received a gift from Trog
  1144 | D        | Reached skill level 14 in Evocations
  1195 | D        | Noticed a lindwurm
  1205 | D        | Killed a lindwurm
  1206 | D        | Reached skill level 10 in Invocations
  1266 | D        | Received a gift from Trog
  1271 | D        | Reached skill level 1 in Polearms
  1292 | D        | Identified the +6 short sword of Trog's Righteous Anger
                  | {antimagic, rC+ Str+5} (Trog gifted it to you in the
                  | Dungeon)
  1292 | D        | Received a gift from Trog
  1351 | D        | Noticed a daeva
  1364 | D        | Reached skill level 15 in Evocations
  1364 | D        | Reached XP level 12. HP: 52/72 MP: 18/18
  1408 | D        | Received a gift from Trog
  1490 | D        | Reached skill level 5 in Polearms
  1510 | D        | Noticed a 12-headed hydra
  1511 | D        | Killed a 12-headed hydra
  1582 | D        | Noticed a deep elf annihilator
  1584 | D        | Acquired a +2 kite shield of cold resistance
  1595 | D        | Received a gift from Trog
  1684 | D        | Killed a deep elf annihilator
  1684 | D        | Received a gift from Trog
  1749 | D        | Bought a scroll of acquirement for 520 gold pieces
  1750 | D        | Bought a potion of resistance for 140 gold pieces
  1750 | D        | Acquired the ring "Tiah" {+Blink rF+ rN+ Str-2 Int+4}
  1812 | D        | Noticed a lorocyproca
  1836 | D        | Killed a lorocyproca
  1837 | D        | Reached skill level 16 in Evocations
  2151 | D        | Bought a condenser vane for 800 gold pieces
  2163 | D        | Bought a scroll of identify for 20 gold pieces
  2163 | D        | Bought a scroll of identify for 20 gold pieces
  2163 | D        | Bought a scroll of holy word for 75 gold pieces
  2163 | D        | Bought a scroll of identify for 20 gold pieces
  2180 | D        | Bought a +2 chain mail of cold resistance for 215 gold
                  | pieces
  2264 | D        | Noticed a shadow dragon
  2264 | D        | Noticed a golden dragon
  2272 | D        | Killed a golden dragon
  2293 | D        | Killed a shadow dragon
  2300 | D        | Identified the ring of Anyfatam {rPois rF+ SInv}
  2367 | D        | Found Raveoss's Distillery.
  2384 | D        | Bought a potion of might for 44 gold pieces
  2384 | D        | Bought a potion of mutation for 88 gold pieces
  2432 | D        | Noticed a fire giant
  2441 | D        | Noticed a fire giant
  2441 | D        | Noticed a fire giant
  2444 | D        | HP: 1/74 [fire giant/+2 great sword of flaming (24)]
  2450 | D        | Killed a fire giant
  2450 | D        | Killed from afar by a fire giant

Illustrated notes

Levels and vault maps discovered:
D:        dungeon_sprint_1 [red_sonja_temple_1, red_sonja_temple_small_1]

Skill      XL: |  1  2  3  4  5  6  7  8  9 10 11 12 |
---------------+-------------------------------------+-----
Short Blades   | 4 5 7 9 10 11 | 11.7
Evocations     | 3 5 7 9 10 11 12 15 16 | 16.4
Stealth        | 5 6 |  6.0
Fighting       | 4 6 7 9 12 14 | 14.2
Armour         | 3 5 |  5.7
Dodging        | 3 5 |  5.7
Throwing       | 3 5 6 |  6.0
Shields        | 3 6 7 |  7.8
Invocations    | 2 7 10 | 10.0
Polearms       | 4 8 |  8.3

Action                   |  1- 3 |  4- 6 |  7- 9 | 10-12 || total
-------------------------+-------+-------+-------+-------++-------
Melee: Short sword       |    11 |    23 |       |       ||    34
       Bite              |     1 |     5 |    26 |    93 ||   125
       Dagger            |       |       |    70 |    41 ||   111
       Punch             |       |       |     1 |       ||     1
       Quick blade       |       |       |       |   176 ||   176
       Spear             |       |       |       |     8 ||     8
Throw: Dart              |       |       |     7 |     4 ||    11
Invok: Berserk           |     1 |     1 |     2 |     5 ||     9
       Brothers in Arms  |       |       |       |     4 ||     4
 Abil: Evoke Blink       |       |       |       |     1 ||     1
Evoke: Wand              |     1 |       |       |     2 ||     3
       Tin of tremorston |       |       |       |     8 ||     8
       Phantom mirror    |       |       |       |     2 ||     2
       Condenser vane    |       |       |       |     1 ||     1
  Use: Scroll            |       |       |       |    14 ||    14
       Potion            |       |       |       |     4 ||     4
 Stab: Paralysed         |     4 |       |       |     2 ||     6
       Sleeping          |       |     2 |       |     3 ||     5
Armor: Animal skin       |     1 |       |       |       ||     1
       Leather armour    |       |       |     5 |       ||     5
       Ring mail         |       |       |    12 |     7 ||    19
       Plate armour      |       |       |       |    48 ||    48
       Chain mail        |       |       |       |     4 ||     4
Dodge: Dodged            |     2 |     5 |    25 |    47 ||    79
Block: Buckler           |       |       |     6 |    31 ||    37
       Kite shield       |       |       |       |     6 ||     6

Table legend: (Time is in decaauts)
 A = Elapsed time spent in this place.
 B = Non-inter-level travel time spent in this place.
 C = Inter-level travel time spent in this place.
 D = Time resting spent in this place.
 E = Time spent auto-exploring this place.
 F = Levels seen in this place.
 G = Mean time per level.
                   A        B        C        D        E       F      G
               +--------+--------+--------+--------+--------+-----+--------+
         Total |   2363 |   2053 |    310 |    485 |      0 |   1 | 2363.0 |
       Dungeon |   2363 |   2053 |    310 |    485 |      0 |   1 | 2363.0 |
               +--------+--------+--------+--------+--------+-----+--------+

Top non-repeatable levels by time:
       D: 2363 daAuts
